 Dungeon Crawl Stone Soup version 0.16.1-2-g95b8d4c (webtiles) character file.

41 Medar the Scratcher (level 3, -4/15 HPs)
             Began as a Felid Transmuter on Mar 24, 2015.
             Slain by a worm (12 damage)
             ... on level 2 of the Dungeon.
             The game lasted 00:05:28 (1907 turns).

Medar the Scratcher (Felid Transmuter)              Turns: 1907, Time: 00:05:28

Health: -4/15      AC:  1    Str:  6    XL:     3   Next: 32%
Magic:  2/8        EV: 19    Int: 14    God:
Gold:   85         SH:  0    Dex: 17    Spells: 2 memorised, 3 levels left
                                        Lives:  0   Deaths: 0

rFire  . . .     SeeInvis +       - Unarmed
rCold  . . .     Clarity  .     (armour unavailable)
rNeg   . . .     SustAb   .     (shield unavailable)
rPois  .         Gourm    .     (helmet unavailable)
rElec  .         Spirit   .     (cloak unavailable)
rCorr  .         Warding  .     (gloves unavailable)
rMut   .         Stasis   .     (boots unavailable)
MR     .....                    (no amulet)
Stlth  ++........               (no ring)
                                (no ring)

@: very slightly contaminated, quick, not resistant to hostile enchantments,
unstealthy
A: paw claws, no armour, no weapons or thrown items, fangs 3, see invisible,
carnivore 3, speed 1, shaggy fur 1, slow metabolism 1, sharp paws
a: no special abilities


You were on level 2 of the Dungeon.
You were very full.

You visited 1 branch of the dungeon, and saw 3 of its levels.

You collected 85 gold pieces.

Inventory:

Missiles
 b - 20 arrows
 g - 5 arrows of flame
Scrolls
 c - a scroll of teleportation
 e - a scroll of amnesia {unknown}
 h - 2 scrolls of identify {unknown}
 i - a scroll of enchant weapon {unknown}
Potions
 f - 2 potions of curing {unknown}
 j - a potion of heal wounds {unknown}
 k - a potion of cancellation {unknown}
Books
 d - a book of Changes

   Spells                             Type                      Level
   a - Beastly Appendage              Transmutation                1
   b - Sticks to Snakes               Transmutation                2
   c - Spider Form                    Transmutation/Poison         3
   d - Ice Form                       Ice/Transmutation            4
   e - Blade Hands                    Transmutation                5
Comestibles
 a - 3 meat rations {@e2}
 l - a chunk of flesh


   Skills:
 + Level 1.6 Fighting
 + Level 3.6 Dodging
 * Level 3.7 Unarmed Combat
 - Level 2.0 Spellcasting
 - Level 2.2 Transmutations


You had 3 spell levels left.
You knew the following spells:

 Your Spells              Type           Power        Failure   Level  Hunger
d - Sticks to Snakes      Trmt           #.........   17%         2    ###....
s - Beastly Appendage     Trmt           #.....       12%         1    ##.....


Dungeon Overview and Level Annotations

Branches:
Dungeon (3/15)

Altars:


Innate Abilities, Weirdness & Mutations

You cannot wear armour.
You are incapable of wielding weapons or throwing items.
You have razor-sharp teeth.
You have supernaturally acute eyesight.
You are carnivorous and can eat meat at any time.
You cover ground quickly.
You are covered in fur (AC +1).
You have a slow metabolism.
Your paws have sharp claws that are effective at stabbing.


Message History

The worm bites you.
You scratch the worm.
The worm is moderately wounded.
Your adder bites the worm. x2
The worm is poisoned.
Your adder poisons the worm!
You barely miss the worm.
The worm is heavily wounded.
The worm barely misses you.
Your adder bites the worm.
The worm looks even sicker.
Your adder poisons the worm!
You completely miss the worm.
The worm is heavily wounded.
Your adder bites the worm.
You barely miss the worm. You bite the worm, but do no damage.
The worm is severely wounded.
Your adder completely misses the worm.
The worm misses you.
You scratch the worm but do no damage.
The worm is severely wounded.
Your adder bites the worm.
The worm bites you!
Ouch! That really hurt!
You die...

..# #..# .... #...# #.#
.... ##..# . ..# #.#
#### ..# .. .#... #.#
#.# ...#####.###
..##.....#.....##
####S#........S....##
###............w@.....#
.. #................#
.# ##..>.......[....#
.# #................#
.# #.>..............#
.# #...............##
.# #........#.....##
.## #....#######.###
..####...w.# #.#


You could see a worm and a friendly adder.

Vanquished Creatures
  A giant mite (D:1)
  An adder (D:2)
  A giant gecko (D:1)
  2 giant cockroaches (D:1)
  6 hobgoblins
  3 kobolds
  3 bats
  2 giant newts
  3 goblins
  7 rats
29 creatures vanquished.

Vanquished Creatures (collateral kills)
  A kobold (D:1)
  A giant cockroach (D:2)
2 creatures vanquished.

Grand Total: 31 creatures vanquished

Notes
Turn   | Place    | Note
--------------------------------------------------------------
     0 | D:1      | Medar, the Felid Transmuter, began the quest for the Orb.
     0 | D:1      | Reached XP level 1. HP: 9/9 MP: 4/4
   237 | D:1      | Reached XP level 2. HP: 12/12 MP: 2/5
   771 | D:1      | Learned a level 2 spell: Sticks to Snakes
  1243 | D:2      | Reached XP level 3. HP: 12/15 MP: 6/8
  1907 | D:2      | Slain by a worm

Action                   || total
-------------------------++-------
Melee: Unarmed           ||    95
 Cast: Beastly Appendage ||    21
       Sticks to Snakes  ||     5
  Use: Scroll            ||     1
 Stab: Sleeping          ||     3
       Distracted        ||     1
  Eat: Chunk             ||    10
